 Dungeon Crawl Stone Soup version 0.31-a0-986-g5e6e4ef867 (webtiles) character file.

Game seed: 4049705367565332314

1399 billz999 the Skirmisher (level 8, 0/51 HPs)
             Began as a Gargoyle Hunter on Nov 8, 2023.
             Was a Follower of Kikubaaqudgha.
             Slain by a bullfrog (1 damage)
             ... on level 6 of the Dungeon.
             The game lasted 00:10:14 (4975 turns).

billz999 the Skirmisher (Gargoyle Hunter)           Turns: 4975, Time: 00:10:14

Health: 0/51       AC: 18    Str: 16    XL:     8   Next: 69%
Magic:  8/8        EV:  8    Int: 11    God:    Kikubaaqudgha [*.....]
Gold:   169        SH:  0    Dex: 17    Spells: 7/7 levels left

rFire   . . .        q - +0 orcbow
rCold   . . .        (shield currently unavailable)
rNeg    + . .        n - +7 chain mail "Qaulamyt" {Dex+4}
rPois   ∞            (no helmet)
rElec   +            (no cloak)
rCorr   +            (no gloves)
SInv    +            (no boots)
Will    .....        (no amulet) Stlth
                     l - ring of see invisible
HPRegen 0.28/turn    s - ring of resist corrosion
MPRegen 0.11/turn

%: no passive effects
@: flying, mesmerised
A: sickness immunity, AC +5, negative energy resistance 1, electricity
resistance, torment resistance 1, petrification resistance, big wings, deformed
body
a: Renounce Religion, Unearth Wretches


You were on level 6 of the Dungeon.
You worshipped Kikubaaqudgha.
Kikubaaqudgha was aware of your devotion.
You visited 1 branch of the dungeon, and saw 6 of its levels.
You also visited: Sewer.

You collected 289 gold pieces.
You spent 120 gold pieces at shops.

Inventory:

Hand Weapons
 a - a +0 shortbow
 i - a +0 trident
 q - a +0 orcbow (weapon)
Armour
 c - a +0 leather armour
 n - the +7 chain mail "Qaulamyt" (worn) {Dex+4}
   (You found it on level 4 of the Dungeon)

   Dex+4:     It affects your dexterity (+4).
Jewellery
 l - a ring of see invisible (left hand)
 s - a ring of resist corrosion (right hand)
Wands
 p - a wand of flame (19)
Scrolls
 b - a scroll of butterflies
 h - 4 scrolls of teleportation
 j - 3 scrolls of enchant weapon
 k - 2 scrolls of blinking
 m - a scroll of identify
 o - a scroll of immolation {unknown}
 r - a scroll of revelation {unknown}
 u - 2 scrolls of silence {unknown}
Potions
 d - a potion of enlightenment {unknown}
 e - a potion of brilliance
 f - a potion of lignification {unknown}
 g - a potion of curing
 t - a potion of heal wounds


   Skills:
 + Level 6.1 Fighting
 * Level 8.5 Ranged Weapons
 * Level 5.2 Armour
 - Level 1.5 Dodging
 - Level 1.1 Stealth


You had 7 spell levels left.
You didn't know any spells.
Your spell library contained the following spells:

 Spells                   Type           Power      Damage    Failure   Level
 Kiss of Death            Conj/Necr      0%         2d5       98%         1
 Necrotise                Necr           0%         1d4       98%         1
 Poisonous Vapours        Pois/Air       0%         N/A       99%         2
 Mephitic Cloud           Conj/Pois/Air  0%         N/A       100%        3
 Vampiric Draining        Necr           0%         2d6       100%        3
 Animate Dead             Necr           0%         N/A       100%        4
 Agony                    Necr           0%         N/A       100%        5
 Freezing Cloud           Conj/Ice/Air   0%         6-21      100%        5


Dungeon Overview and Level Annotations

Branches:
Dungeon (6/15)             Temple (0/1) D:5           Sewer (visited)

Altars:
Dithmenos
Fedhas
Gozag
Kikubaaqudgha
Okawaru
Qazlal
Uskayaw
Zin
The Shining One

Shops:
D:5 ??*

Annotations:
D:6 Maggie, Pikel


Innate Abilities, Weirdness & Mutations

You are immune to sickness and miasma.
Your stone body is resilient. (AC +5)
You are immune to poison.
You resist negative energy. (rN+)
You are resistant to electric shocks. (rElec)
You are resistant to unholy torment.
You are immune to petrification.
Your large and strong wings let you fly.
Armour fits poorly on your strangely shaped body.


Message History

The bullfrog hits you.
The bullfrog hits you but does no damage.
You shoot an arrow. The arrow barely misses the bullfrog.
The bullfrog barely misses you.
The bullfrog hits you but does no damage.
You shoot an arrow. The arrow hits the bullfrog.
The bullfrog is moderately wounded.
The bullfrog barely misses you.
The bullfrog hits you but does no damage.
You shoot an arrow.
The arrow completely misses the bullfrog.
Maggie shouts!
The bullfrog closely misses you.
The bullfrog hits you but does no damage.
An iguana comes into view.
You shoot an arrow.
The arrow completely misses the bullfrog.
The bullfrog snags a nearby blue-tailed skink with its tongue.
The bullfrog hits you.
Maggie gestures wildly while chanting.
Maggie attempts to bespell you!
You are mesmerised by Maggie!
The bullfrog hits you.
You shoot an arrow. The arrow barely misses the bullfrog.
The arrow hits the iguana.
The iguana is lightly wounded.
The bullfrog barely misses you. x2
The bullfrog hits you but does no damage.
You shoot an arrow. The arrow closely misses the bullfrog.
The arrow hits the iguana.
The iguana is heavily wounded.
The bullfrog hits you but does no damage.
Maggie gestures at you while chanting. The bolt of fire hits you!!
Ouch! That really hurt!
* * * LOW HITPOINT WARNING * * *
The bullfrog swells and bulges.
The bullfrog hits you.
You die...
Kikubaaqudgha rasps: "You have failed me!
Welcome... oblivion!"

##.........
##..........
####...........
...........@...
.
...............
.
...............
.
...............
.
.......@F.l....
#
...........[...
........######.
##.##...# #
[##.# #. #.. #
#.# #.#


You could see Maggie (mesmerising), a bullfrog and an iguana.

Vanquished Creatures
  Pargi (Sewer)
  An ice beast (D:6)
  An ogre (D:5)
  3 centaurs
  2 phantoms
  2 scorpions
  A howler monkey (D:5)
  4 hounds
  3 jellies
  An orc priest (D:4)
  An iguana (D:4)
  A sleepcap (D:5)
  3 orc wizards
  8 adders
  A river rat (D:4)
  3 white imps
  4 ufetubi
  2 worms (D:2)
  2 dart slugs
  12 orcs
  5 endoplasms (D:1)
  7 giant cockroaches
  11 goblins
  6 hobgoblins
  6 jackals (D:1)
  5 quokkas
  12 ball pythons
  4 bats
  4 frilled lizards
  8 kobolds
  7 rats
  A rat zombie (D:3)
132 creatures vanquished.

Notes
Turn   | Place    | Note
-------+----------+-------------------------------------------
     0 | D:1      | billz999 the Gargoyle Hunter began the quest for the Orb.
     0 | D:1      | Reached XP level 1. HP: 12/12 MP: 1/1
    97 | D:1      | Reached XP level 2. HP: 18/18 MP: 2/2
   394 | D:1      | Reached XP level 3. HP: 22/22 MP: 3/3
   891 | D:2      | Reached skill level 5 in Ranged Weapons
   891 | D:2      | Reached XP level 4. HP: 28/28 MP: 4/4
  1664 | D:3      | Found a stormy altar of Qazlal.
  1939 | D:3      | Reached XP level 5. HP: 30/32 MP: 5/5
  2245 | D:3      | Found an ancient bone altar of Kikubaaqudgha.
  2417 | D:3      | Became a worshipper of Kikubaaqudgha
  2509 | D:4      | Reached skill level 6 in Ranged Weapons
  2595 | D:4      | Noticed a phantom
  2624 | D:4      | Killed a phantom
  2625 | D:4      | Reached XP level 6. HP: 29/39 MP: 6/6
  2705 | D:4      | Found an opulent altar of Gozag.
  2880 | D:4      | Found a glowing drain.
  2889 | D:4      | Identified the +7 chain mail "Qaulamyt" {Dex+4}
  2899 | Sewer    | Entered a sewer
  2926 | Sewer    | Noticed Pargi
  2949 | Sewer    | Gained mutation: Armour fits poorly on your strangely
                  | shaped body. [potion of mutation]
  2949 | Sewer    | Gained mutation: Your large and strong wings let you fly.
                  | [potion of mutation]
  2975 | Sewer    | HP: 1/39 [Pargi (6)]
  2976 | Sewer    | Killed Pargi
  3279 | D:4      | Found a blossoming altar of Fedhas.
  3366 | D:4      | Reached skill level 7 in Ranged Weapons
  3366 | D:4      | Reached XP level 7. HP: 44/44 MP: 7/7
  3371 | D:4      | Reached skill level 1 in Armour
  3517 | D:5      | Entered Level 5 of the Dungeon
  3528 | D:5      | Reached * piety under Kikubaaqudgha
  3528 | D:5      | Received a gift from Kikubaaqudgha
  3529 | D:5      | Reached skill level 5 in Fighting
  3603 | D:5      | Found Furgha's Magic Scroll Emporium.
  3603 | D:5      | Found Xaeffacw's Magic Scroll Emporium.
  3603 | D:5      | Found Xiepsuba's General Store.
  3622 | D:5      | Bought a scroll of teleportation for 30 gold pieces
  3867 | D:5      | Found a shadowy altar of Dithmenos.
  3867 | D:5      | Found a glowing silver altar of Zin.
  3871 | D:5      | Found a hide-covered altar of Uskayaw.
  3876 | D:5      | Found an iron altar of Okawaru.
  4197 | D:5      | Identified the +3 sling "Asoluj" {flame, rC+ rN+ Dex+2
                  | Stlth+}
  4211 | D:5      | Bought a scroll of blinking for 90 gold pieces
  4225 | D:5      | Reached XP level 8. HP: 50/50 MP: 8/8
  4241 | D:5      | Found a glowing golden altar of the Shining One.
  4336 | D:5      | Reached skill level 8 in Ranged Weapons
  4398 | D:5      | Found a staircase to the Ecumenical Temple.
  4594 | D:6      | Noticed Pikel
  4595 | D:6      | Noticed Maggie
  4885 | D:6      | Reached skill level 5 in Armour
  4892 | D:6      | Noticed a shadow
  4975 | D:6      | HP: 1/51 [Maggie/bolt of fire (30)]
  4975 | D:6      | Slain by a bullfrog

Illustrated notes

Levels and vault maps discovered:
D:1:      eino_arrival_druids_welcome, layout_loops_ring, st_stairs_11
D:2:      minmay_angry_zag, layout_basic
D:3:      layout_loops_ring, nicolae_qazlal_eye_of_the_storm,
          lemuel_zombie_altar_kikubaaqudgha, minmay_checkerbox
D:4:      layout_loops_ring, mainiacjoe_overflow_tiny_flanked,
          grunt_gozag_statues, portal_sewer_entry_b
D:5:      layout_gridville, general_overflow_altar,
          nicolae_overflow_macrodata_refinement, minmay_temple_entry_wispy,
          nicolae_shop_distant_corner_stores
D:6:      layout_rooms, grunt_ministairs_3, minmay_manual_moon, uniq_maggie,
          uniq_pikel

Skill      XL: |  1  2  3  4  5  6  7  8 |
---------------+-------------------------+-----
Fighting       | 3 4 5 6 |  6.1
Ranged Weapons | 5 6 7 8 |  8.5
Armour         | 3 5 |  5.2
Dodging        | |  1.5
Stealth        | |  1.1

Action                     |  1- 3 |  4- 6 |  7- 9 || total
---------------------------+-------+-------+-------++-------
   Fire: Shortbow          |   122 |   273 |    49 ||   444
         Orcbow            |       |       |   144 ||   144
    Use: Scroll            |       |     3 |       ||     3
         Potion            |       |     6 |       ||     6
 Armour: Leather armour    |    34 |   157 |       ||   191
         Chain mail        |       |     1 |   302 ||   303
  Dodge: Dodged            |    42 |   124 |   148 ||   314

Table legend: (Time is in decaauts)
 A = Elapsed time spent in this place.
 B = Non-inter-level travel time spent in this place.
 C = Inter-level travel time spent in this place.
 D = Time resting spent in this place.
 E = Time spent auto-exploring this place.
 F = Levels seen in this place.
 G = Mean time per level.
                   A        B        C        D        E       F      G
               +--------+--------+--------+--------+--------+-----+--------+
         Total |   5147 |   4652 |    495 |    351 |   3127 |   7 |  735.3 |
       Dungeon |   4818 |   4323 |    495 |    209 |   3053 |   6 |  803.0 |
         Sewer |    329 |    329 |      0 |    142 |     74 |   1 |  329.0 |
               +--------+--------+--------+--------+--------+-----+--------+

Top non-repeatable levels by time:
     D:4: 1087 daAuts
     D:5: 974 daAuts
     D:3: 899 daAuts
     D:2: 830 daAuts
     D:1: 789 daAuts
   Sewer: 329 daAuts
     D:6: 237 daAuts
